 Dungeon Crawl Stone Soup version 0.28-a0-10-g964c8b829e (webtiles) character file.

Game seed: 15719817370898748001

191 bande the Shield-Bearer (level 5, -3/33 HPs)
             Began as a Gargoyle Fighter on July 25, 2021.
             Slain by Sigmund (4 damage)
             ... on level 3 of the Dungeon.
             The game lasted 00:04:01 (2241 turns).

bande the Shield-Bearer (Gargoyle Fighter)          Turns: 2241, Time: 00:04:01

Health: -3/33      AC: 13    Str: 19    XL:     5   Next: 70%
Magic:  5/5        EV:  7    Int:  9    God:
Gold:   115        SH:  0    Dex: 10    Spells: 3/4 levels left

rFire   . . .      SeeInvis .   a - +0 war axe
rCold   . . .      Faith    .   c - +0 kite shield
rNeg    + . .      Spirit   .   b - +0 scale mail
rPois   ∞          Reflect  .   i - +1 helmet
rElec   +          Harm     .   (no cloak)
rCorr   .          Rampage  .   (no gloves)
Will    .....                   (no boots)
Stlth   ..........              (no amulet)
HPRegen 0.11/turn               (no ring)
MPRegen 0.09/turn               (no ring)

@: confused, mighty
A: sickness immunity, AC +4, negative energy resistance 1, electricity
resistance, torment resistance 1, petrification resistance
a: no special abilities


You were on level 3 of the Dungeon.
You visited 1 branch of the dungeon, and saw 3 of its levels.

You collected 115 gold pieces.

Inventory:

Hand Weapons
 a - a +0 war axe (weapon)
Armour
 b - a +0 scale mail (worn)
 c - a +0 kite shield (worn)
 i - a +1 helmet (worn)
Potions
 d - 2 potions of might
 e - a potion of flight
 f - a potion of resistance {unknown}
 g - 2 potions of curing {unknown}
 h - 3 potions of lignification {unknown}
 j - a potion of mutation {unknown}


   Skills:
 + Level 4.0 Fighting
 + Level 3.5 Axes
 + Level 3.7 Armour
 - Level 0.4 Dodging
 + Level 4.1 Shields
 * Level 1.2 Translocations


You had 3 spell levels left.
You knew the following spells:

 Your Spells              Type           Power      Damage    Failure   Level
a - Apportation           Tloc           4%         N/A       96%         1

Your spell library contained the following spells:

 Spells                   Type           Power      Damage    Failure   Level
 Animate Skeleton         Necr           0%         N/A       99%         1
 Corona                   Hex            0%         N/A       99%         1
 Sandblast                Erth           0%         2d4       99%         1
 Summon Small Mammal      Summ           0%         N/A       99%         1
 Passwall                 Tmut/Erth      0%         N/A       100%        2
 Ignite Poison            Fire/Tmut/Pois 0%         N/A       100%        3
 Mephitic Cloud           Conj/Pois/Air  0%         N/A       100%        3
 Bolt of Magma            Conj/Fire/Erth 0%         4d4       100%        5
 Lee's Rapid Deconstruct  Erth           0%         3d5*      100%        5


Dungeon Overview and Level Annotations

Branches:
Dungeon (3/15)

Altars:
Cheibriados
Fedhas

Annotations:
D:3 Sigmund


Innate Abilities, Weirdness & Mutations

You are immune to sickness and miasma.
Your stone body is resilient. (AC +4)
You are immune to poison.
You resist negative energy. (rN+)
You are resistant to electric shocks. (rElec)
You are resistant to unholy torment.
You are immune to petrification.


Message History

The giant cockroach completely misses you.
The giant cockroach bites you.
You closely miss the giant cockroach.
The giant cockroach bites you but does no damage.
You block the giant cockroach's attack.
You barely miss the giant cockroach. The giant cockroach barely misses you.
You hit the giant cockroach.
The giant cockroach is almost dead.
The giant cockroach bites you but does no damage. x2
You hit the giant cockroach.
You kill the giant cockroach!
You see here a +0 whip.
You now have 55 gold pieces (gained 8).
There is an open door here.
You now have 66 gold pieces (gained 11).
You now have 79 gold pieces (gained 13).
You now have 87 gold pieces (gained 8).
You now have 99 gold pieces (gained 12).
You now have 115 gold pieces (gained 16).
There is an open door here.
Sigmund the Dreaded comes into view.
He is wielding a +1 scythe of freezing.
Sigmund shouts!
Sigmund is nearby!
You feel very mighty all of a sudden.
Sigmund gestures wildly while chanting.
Sigmund flickers and vanishes!
Deactivating autopickup; reactivate with Ctrl-A.
A hobgoblin comes into view.
Something hits you! Something freezes you.
You slash something! Something hits you but does no damage.
You hear some strange, mumbled words.
Something tries to affect you, but you resist.
You miss something.
You hear some strange, mumbled words.
You are confused.
Something hits you! Something freezes you. Something hits you!
* * * LOW HITPOINT WARNING * * *
Something freezes you.
You die...

..#
#..####.#.#
+#
#.......#.#
##.######.#
#.# #.# ###
######.#
#.## ....
#......#
#... #...
##.######
####
#....##...#
#..
#...g.@...#
#.#
###.###...#
#.# #####
#.# #.# #.#
#.. ###


You could see a hobgoblin.

Vanquished Creatures
  An ice beast (D:3)
  4 adders
  A worm (D:3)
  2 dart slugs
  An orc (D:3)
  2 bats
  3 endoplasms
  2 giant cockroaches
  6 goblins
  8 hobgoblins
  3 jackals (D:1)
  2 quokkas
  4 ball pythons
  A frilled lizard (D:1)
  5 kobolds
  6 rats
51 creatures vanquished.

Notes
Turn   | Place    | Note
-------+----------+-------------------------------------------
     0 | D:1      | bande the Gargoyle Fighter began the quest for the Orb.
     0 | D:1      | Reached XP level 1. HP: 14/14 MP: 1/1
   122 | D:1      | Reached XP level 2. HP: 15/19 MP: 2/2
   698 | D:1      | Reached XP level 3. HP: 24/24 MP: 3/3
   866 | D:1      | Found a faded altar of an unknown god.
  1270 | D:2      | Reached XP level 4. HP: 24/29 MP: 4/4
  1500 | D:2      | Learned a level 1 spell: Apportation
  1828 | D:3      | Noticed an ice beast
  1835 | D:3      | Killed an ice beast
  1836 | D:3      | Reached skill level 1 in Translocations
  1836 | D:3      | Reached XP level 5. HP: 33/33 MP: 5/5
  2046 | D:3      | Found a blossoming altar of Fedhas.
  2132 | D:3      | Found a snail-covered altar of Cheibriados.
  2234 | D:3      | Noticed Sigmund
  2241 | D:3      | HP: 1/33 [something (9)]
  2241 | D:3      | Slain by Sigmund

Illustrated notes

Levels and vault maps discovered:
D:1:      noname_arrival_rooms_in_the_neighbourhood, layout_rooms,
          shapermc_ecumenical_altar_mp_urbaneastern
D:2:      layout_basic, minmay_distorted
D:3:      layout_loops_corners, mainiacjoe_overflow_boulevard,
          amcnicky_altar_gilded, uniq_sigmund

Skill      XL: |  1  2  3  4  5 |
---------------+----------------+-----
Axes           | 2 3 |  3.5
Shields        | 4 |  4.1
Translocations | 1 |  1.2
Fighting       | 4 |  4.0
Armour         | |  3.7
Dodging        | |  0.4

Action                   |  1- 3 |  4- 6 || total
-------------------------+-------+-------++-------
Melee: War axe           |   105 |    55 ||   160
  Use: Scroll            |     3 |     2 ||     5
       Potion            |       |     1 ||     1
Armor: Scale mail        |    50 |    47 ||    97
Dodge: Dodged            |    42 |    11 ||    53
Block: Kite shield       |    69 |    23 ||    92

Table legend: (Time is in decaauts)
 A = Elapsed time spent in this place.
 B = Non-inter-level travel time spent in this place.
 C = Inter-level travel time spent in this place.
 D = Time resting spent in this place.
 E = Time spent auto-exploring this place.
 F = Levels seen in this place.
 G = Mean time per level.
                   A        B        C        D        E       F      G
               +--------+--------+--------+--------+--------+-----+--------+
         Total |   2337 |   2309 |     28 |    422 |   1403 |   3 |  779.0 |
       Dungeon |   2337 |   2309 |     28 |    422 |   1403 |   3 |  779.0 |
               +--------+--------+--------+--------+--------+-----+--------+

Top non-repeatable levels by time:
     D:1: 938 daAuts
     D:2: 745 daAuts
     D:3: 653 daAuts
